AoeStats
← O grande

Arabian Desert

510289289Analyzed
1v1 RM · 1d ago on Sep 30, 2026· 21m 51s· 2 players
Game mode
Random Map
Map size
Tiny (2 player)
Population
200
Speed
Normal
Resources
Standard
Victory
Conquest
Starting age
Dark Age
Ending age
Imperial Age
RankedLock teamsTeams togetherTeam positionsShared explorationLock speedFull tech treeHidden civsTurbo modeCheats
Victory
Defeat
🇧🇷 Chinese · Brazil
2143
+11
🇨🇱 Chinese · Chile
2041
-11
DK_Partyman96
0:33 Loom
8:55 Feudal Age
9:26 Double-Bit Axe
13:05 Horse Collar
21:30 Castle Age
19:52 Fletching
20:02 Padded Archer Armor
O grande
0:25 Loom
8:37 Feudal Age
10:13 Double-Bit Axe
15:04 Horse Collar
20:41 Castle Age
18:56 Fletching
19:32 Padded Archer Armor
20:04 Gold Mining
Connection lost

Rejoining the realm…

Still unreachable

The connection could not be restored.

Session expired

The server has moved on; the page needs a fresh start.